 Dungeon Crawl Stone Soup version 0.27-a0-333-gfa571bf19a (webtiles) character file.

Game seed: 6941463999150538630

134 jestyr24 the Conjurer (level 4, -4/24 HPs)
             Began as a Deep Elf Conjurer on Feb 12, 2021.
             Slain by an iguana (8 damage)
             ... on level 3 of the Dungeon.
             The game lasted 00:11:42 (2147 turns).

jestyr24 the Conjurer (Deep Elf Conjurer)           Turns: 2147, Time: 00:11:43

Health: -4/24      AC:  2    Str:  4    XL:     4   Next: 95%
Magic:  0/12       EV: 13    Int: 24    God:
Gold:   128        SH:  0    Dex: 13    Spells: 9/12 levels left

rFire    . . .     SeeInvis .   d - +0 dagger
rCold    . . .     Faith    .   (no shield)
rNeg     + . .     Spirit   .   a - +0 robe
rPois    .         Reflect  .   (no helmet)
rElec    .         Harm     .   (no cloak)
rCorr    .         Rampage  .   (no gloves)
Will     .....                  (no boots)
Stlth    ++........             (no amulet)
HPRegen  0.08/turn              j - ring of positive energy
MPRegen  0.13/turn              (no ring)

@: brilliant, about to teleport, flying
A: no striking features
a: no special abilities


You were on level 3 of the Dungeon.
You visited 1 branch of the dungeon, and saw 3 of its levels.

You collected 128 gold pieces.

Inventory:

Hand Weapons
 d - a +0 dagger (weapon)
Missiles
 o - 8 boomerangs (quivered)
Armour
 a - a +0 robe (worn)
Jewellery
 j - a ring of positive energy (left hand)
Wands
 q - a wand of iceblast (4)
Scrolls
 c - a scroll of teleportation
 f - a scroll of blinking {unknown}
 h - a scroll of enchant armour {unknown}
 i - 3 scrolls of identify {unknown}
 k - a scroll of amnesia {unknown}
 p - a scroll of noise {unknown}
Potions
 g - a potion of flight
 l - a potion of lignification {unknown}
 m - a potion of might {unknown}
 n - 3 potions of curing {unknown}


   Skills:
 + Level 2.7 Dodging
 * Level 3.2 Stealth
 * Level 4.9 Spellcasting
 + Level 5.6 Conjurations


You had 9 spell levels left.
You knew the following spells:

 Your Spells              Type           Power        Failure   Level
a - Magic Dart            Conj           100%         1%          1
b - Searing Ray           Conj           98%          1%          2

Your spell library contained the following spells:

 Spells                   Type           Power        Failure   Level
 Dazzling Flash           Conj/Hex       58%          9%          3
 Fulminant Prism          Conj/Hex       14%          28%         4
 Iskenderun's Mystic Bla  Conj/Tloc      29%          28%         4


Dungeon Overview and Level Annotations

Branches:
Dungeon (3/15)

Altars:
Gozag

Annotations:
D:1 1 runed translucent door


Message History

Casting: Magic Dart (safe; 1% risk of failure)
Confirm with . or Enter, or press ? or * to list all spells.
Aiming: Magic Dart (safe; 1% risk of failure)
Press: ? - help, Shift-Dir - straight line, f/p - iguana
Aim: an iguana (moderately wounded, 0% to evade)
The magic dart hits the iguana.
The iguana is moderately wounded.
The iguana closely misses you.
It was a potion of brilliance.
You feel clever all of a sudden. The iguana bites you.
* * * LOW HITPOINT WARNING * * *
Unknown command.
Casting: Magic Dart (safe; 1% risk of failure)
Confirm with . or Enter, or press ? or * to list all spells.
Aiming: Magic Dart (safe; 1% risk of failure)
Press: ? - help, Shift-Dir - straight line, f/p - iguana
Aim: an iguana (moderately wounded, 0% to evade)
You feel a surge of power!
The magic dart hits the iguana but does no damage.
The iguana is moderately wounded.
The iguana barely misses you.
It was a potion of heal wounds.
You feel much better. The iguana bites you.
It was a potion of flight.
You feel very buoyant.
You fly up into the air.
The iguana bites you!
Casting: Magic Dart (safe; 1% risk of failure)
Confirm with . or Enter, or press ? or * to list all spells.
Aiming: Magic Dart (safe; 1% risk of failure)
Press: ? - help, Shift-Dir - straight line, f/p - iguana
Aim: an iguana (moderately wounded, 0% to evade)
You feel a surge of power!
The magic dart hits the iguana but does no damage.
The iguana is moderately wounded.
The iguana bites you!
* * * LOW HITPOINT WARNING * * *
As you read the scroll labelled PULLEG TUKY, it crumbles to dust.
You feel strangely unstable.
It was a scroll of teleportation.
The iguana bites you!
You die...

##†.#...##...#
##.†........#.#
###..#....###...#
#...#..##..#...
#.....####.#.#
####.....#...##.#.
#.#
#.###..........
#.# #l# ##.....#(.
#.# ##@# #.###.#
#.# #..####.###..#
#.####(...).....#
#.##.)..).......#
#.##.#..........#
#<##.#.....†....#
#.##.#..........#
#.##.#..........#
#.)..#...........#


You could see an iguana.

Vanquished Creatures
  An orc priest (D:3)
  Robin (D:3)
  An adder (D:2)
  A gnoll (D:1)
  An ooze (D:2)
  6 orcs (D:3)
  A ball python (D:1)
  A giant cockroach (D:1)
  14 goblins
  9 hobgoblins
  5 jackals
  A quokka (D:3)
  3 bats
  5 frilled lizards
  8 kobolds
  6 rats
64 creatures vanquished.

Notes
Turn   | Place    | Note
-------+----------+-------------------------------------------
     0 | D:1      | jestyr24 the Deep Elf Conjurer began the quest for the Orb.
     0 | D:1      | Reached XP level 1. HP: 10/10 MP: 6/6
     2 | D:1      | Found a runed translucent door.
   137 | D:1      | Reached XP level 2. HP: 9/15 MP: 0/8
   209 | D:1      | Learned a level 2 spell: Searing Ray
   485 | D:1      | Reached XP level 3. HP: 19/19 MP: 2/10
   691 | D:1      | Reached skill level 5 in Conjurations
  1236 | D:2      | Found an opulent altar of Gozag.
  1927 | D:3      | Reached XP level 4. HP: 24/24 MP: 6/12
  2105 | D:3      | Noticed Robin
  2119 | D:3      | Killed Robin
  2147 | D:3      | Slain by an iguana

Illustrated notes

Levels and vault maps discovered:
D:1:      dpeg_arrival_caged_fury, layout_rooms, serial_glass, glass_columns_c,
          glass_columns_a
D:2:      layout_loops_ring, nicolae_overflow_hidden_temple
D:3:      layout_rooms, lemuel_crystal_altar, serial_bayou_pond_e, uniq_robin

Skill      XL: |  1  2  3 |
---------------+----------+-----
Conjurations   | 5 |  5.6
Stealth        | 3 |  3.2
Spellcasting   | 4 |  4.9
Dodging        | |  2.7

Action                   |  1- 3 |  4- 6 || total
-------------------------+-------+-------++-------
Melee: Dagger            |    20 |     7 ||    27
Throw: Boomerang         |     5 |       ||     5
 Cast: Magic Dart        |    68 |     9 ||    77
       Searing Ray       |     9 |     8 ||    17
  Use: Potion            |       |     3 ||     3
       Scroll            |       |     1 ||     1
Armor: Robe              |     6 |     3 ||     9
Dodge: Dodged            |    23 |     7 ||    30

Table legend: (Time is in decaauts)
 A = Elapsed time spent in this place.
 B = Non-inter-level travel time spent in this place.
 C = Inter-level travel time spent in this place.
 D = Time resting spent in this place.
 E = Time spent auto-exploring this place.
 F = Levels seen in this place.
 G = Mean time per level.
                   A        B        C        D        E       F      G
               +--------+--------+--------+--------+--------+-----+--------+
         Total |   2146 |   2052 |     94 |    323 |   1332 |   3 |  715.3 |
       Dungeon |   2146 |   2052 |     94 |    323 |   1332 |   3 |  715.3 |
               +--------+--------+--------+--------+--------+-----+--------+

Top non-repeatable levels by time:
     D:1: 1060 daAuts
     D:2: 855 daAuts
     D:3: 231 daAuts
